 Dungeon Crawl Stone Soup version 0.25-a0-294-gea9b1ad378 (webtiles) character file.

Game seed: 5715084529932142977, levelgen mode: deterministic

158 MoonlitKnight the Charmwright (level 5, -2/43 HPs)
             Began as a Gnoll Skald on Dec 18, 2019.
             Killed by divine providence
             ... invoked by an orc priest
              (15 damage)
             ... on level 3 of the Dungeon.
             The game lasted 00:04:53 (2787 turns).

MoonlitKnight the Charmwright (Gnoll Skald)         Turns: 2787, Time: 00:04:54

Health: -2/43      AC:  5    Str: 14    XL:     5   Next: 39%
Magic:  12/12      EV: 10    Int: 16    God:
Gold:   165        SH:  8    Dex: 14    Spells: 3/14 levels left

rFire    . . .     SeeInvis .   a - +2 mace (holy)
rCold    . . .     Gourm    .   b - +0 shield
rNeg     . . .     Faith    .   m - +0 ring mail (curse)
rPois    .         Spirit   .   (no helmet)
rElec    .         Reflect  .   (no cloak)
rCorr    .         Harm     .   (no gloves)
MR       .....                  (no boots)
Stlth    +.........             (no amulet)
HPRegen  0.14/turn              (no ring)
MPRegen  0.13/turn              (no ring)

@: no status effects
A: distributed training, fangs 1, strong nose
a: no special abilities


You were on level 3 of the Dungeon.
You were not hungry.

You visited 1 branch of the dungeon, and saw 3 of its levels.

You collected 165 gold pieces.

Inventory:

Hand Weapons
 a - a +2 mace of holy wrath (weapon)
Armour
 b - a +0 shield (worn)
 m - a cursed +0 ring mail (worn)
Scrolls
 c - a scroll of blinking {unknown}
 f - a scroll of remove curse {unknown}
 h - a scroll of noise {unknown}
 i - a scroll of magic mapping {unknown}
 l - 2 scrolls of identify {unknown}
 o - a scroll of enchant weapon {unknown}
 p - a scroll of amnesia {unknown}
 q - a scroll of teleportation {unknown}
Potions
 e - a potion of agility {unknown}
 g - a potion of haste
 j - a potion of brilliance {unknown}
 k - a potion of might {unknown}
Comestibles
 d - 9 rations
 n - 3 chunks of flesh


   Skills:
 + Level 4.7 Fighting
 + Level 1.4 Short Blades
 + Level 1.4 Long Blades
 + Level 1.4 Axes
 + Level 1.4 Maces & Flails
 + Level 4.7 Polearms
 + Level 1.4 Staves
 + Level 1.4 Slings
 + Level 1.4 Bows
 + Level 1.4 Crossbows
 + Level 1.4 Throwing
 + Level 2.9 Armour
 + Level 4.7 Dodging
 + Level 1.4 Stealth
 + Level 1.4 Shields
 + Level 1.4 Unarmed Combat
 + Level 5.2 Spellcasting
 + Level 1.1 Conjurations
 + Level 1.1 Hexes
 + Level 5.5 Charms
 + Level 1.1 Summonings
 + Level 1.1 Necromancy
 + Level 1.1 Translocations
 + Level 1.1 Transmutations
 + Level 1.1 Fire Magic
 + Level 1.1 Ice Magic
 + Level 1.1 Air Magic
 + Level 1.1 Earth Magic
 + Level 1.1 Poison Magic
 + Level 1.6 Invocations
 + Level 1.4 Evocations


You had 3 spell levels left.
You knew the following spells:

 Your Spells              Type           Power        Failure   Level  Hunger
a - Infusion              Chrm           ###.         19%         1    None
b - Shroud of Golubria    Chrm/Tloc      ##....       56%         2    #......
c - Spectral Weapon       Hex/Chrm       ##......     80%         3    ###....
d - Regeneration          Chrm/Necr      ##........   80%         3    ###....
e - Song of Slaying       Chrm           ###.....     26%         2    #......

Your spell library contained the following spells:

 Spells                   Type           Power        Failure   Level  Hunger


Dungeon Overview and Level Annotations

Branches:
Dungeon (3/15)

Altars:
Xom


Innate Abilities, Weirdness & Mutations

Your experience applies equally to all skills.
You have very sharp teeth.
Your uncanny sense of smell can sniff out nearby items.


Message History

You block the orc's attack.
You hit the orc priest.
The orc priest is moderately wounded.
The orc wizard barely misses you.
The orc priest mumbles some strange prayers to Beogh against you.
Beogh smites you! The orc hits you with a +0 mace.
The orc wizard hits you but does no damage.
You barely miss the orc priest.
The orc priest is moderately wounded.
The orc priest hits you but does no damage.
You block the orc wizard's attack. The orc barely misses you.
You hit the orc priest.
The orc priest is heavily wounded.
The orc priest invokes the aid of Beogh against you.
Pain shoots through your body!
The orc wizard points at you and mumbles some strange words.
You resist with some effort. The orc closely misses you.
The orc priest mumbles some strange prayers to Beogh against you.
Beogh smites you!
You die...

#.######.#####.#
#..............#
#.######.########
#.# #..........
#.# ##.######..#
#.# #..#
##.####..#
#...<....#
#o@#####.# #oo#
#.# #.o# #.# ....
...∆ ##... ..
#.### .## #. ∆ #.


You could see an orc priest, an orc wizard and 2 orcs.

Vanquished Creatures
  Terence (D:3)
  4 adders (D:2)
  An ooze (D:3)
  A worm (D:3)
  2 dart slugs
  5 leopard geckos
  An orc (D:3)
  7 bats
  6 giant cockroaches
  6 goblins
  6 hobgoblins
  13 jackals
  8 kobolds
  3 quokkas
  A ball python (D:1)
  2 frilled lizards (D:2)
  6 rats
73 creatures vanquished.

Notes
Turn   | Place    | Note
-------+----------+-------------------------------------------
     0 | D:1      | MoonlitKnight the Gnoll Skald began the quest for the Orb.
     0 | D:1      | Reached XP level 1. HP: 20/20 MP: 6/6
   259 | D:1      | Reached XP level 2. HP: 23/26 MP: 7/7
   913 | D:1      | Reached XP level 3. HP: 25/31 MP: 9/9
   920 | D:1      | Learned a level 2 spell: Shroud of Golubria
   924 | D:1      | Learned a level 3 spell: Spectral Weapon
   928 | D:1      | Learned a level 3 spell: Regeneration
   931 | D:1      | Learned a level 2 spell: Song of Slaying
   976 | D:2      | Reached skill level 5 in Spellcasting
  1018 | D:2      | Reached skill level 1 in Invocations
  1315 | D:2      | Reached skill level 1 in Short Blades
  1315 | D:2      | Reached skill level 1 in Long Blades
  1315 | D:2      | Reached skill level 1 in Axes
  1315 | D:2      | Reached skill level 1 in Maces & Flails
  1315 | D:2      | Reached skill level 1 in Staves
  1315 | D:2      | Reached skill level 1 in Slings
  1315 | D:2      | Reached skill level 1 in Bows
  1315 | D:2      | Reached skill level 1 in Crossbows
  1315 | D:2      | Reached skill level 1 in Throwing
  1315 | D:2      | Reached skill level 1 in Stealth
  1315 | D:2      | Reached skill level 1 in Shields
  1315 | D:2      | Reached skill level 1 in Unarmed Combat
  1315 | D:2      | Reached skill level 1 in Evocations
  1315 | D:2      | Reached XP level 4. HP: 25/38 MP: 11/11
  1540 | D:2      | Found a shimmering altar of Xom.
  1796 | D:2      | Reached skill level 1 in Conjurations
  1796 | D:2      | Reached skill level 1 in Hexes
  1796 | D:2      | Reached skill level 1 in Summonings
  1796 | D:2      | Reached skill level 1 in Necromancy
  1796 | D:2      | Reached skill level 1 in Translocations
  1796 | D:2      | Reached skill level 1 in Transmutations
  1796 | D:2      | Reached skill level 1 in Fire Magic
  1796 | D:2      | Reached skill level 1 in Ice Magic
  1796 | D:2      | Reached skill level 1 in Air Magic
  1796 | D:2      | Reached skill level 1 in Earth Magic
  1796 | D:2      | Reached skill level 1 in Poison Magic
  2448 | D:3      | Reached XP level 5. HP: 40/43 MP: 12/12
  2555 | D:3      | Noticed Terence
  2567 | D:3      | Killed Terence
  2787 | D:3      | Killed from afar by an orc priest

Levels and vault maps discovered:
D:1:      minmay_arrival_shattered_statue, layout_basic
D:2:      layout_basic, first_ration, st_stairs_7, tgw_xom
D:3:      layout_loops_ring, portal_sewer_entry_c, uniq_terence

Skill      XL: |  1  2  3  4 |
---------------+-------------+-----
Spellcasting   | 5 |  5.2
Invocations    | 1 |  1.6
Short Blades   | 1 |  1.4
Long Blades    | 1 |  1.4
Axes           | 1 |  1.4
Maces & Flails | 1 |  1.4
Staves         | 1 |  1.4
Slings         | 1 |  1.4
Bows           | 1 |  1.4
Crossbows      | 1 |  1.4
Throwing       | 1 |  1.4
Stealth        | 1 |  1.4
Shields        | 1 |  1.4
Unarmed Combat | 1 |  1.4
Evocations     | 1 |  1.4
Conjurations   | 1 |  1.1
Hexes          | 1 |  1.1
Summonings     | 1 |  1.1
Necromancy     | 1 |  1.1
Translocations | 1 |  1.1
Transmutations | 1 |  1.1
Fire Magic     | 1 |  1.1
Ice Magic      | 1 |  1.1
Air Magic      | 1 |  1.1
Earth Magic    | 1 |  1.1
Poison Magic   | 1 |  1.1
Fighting       | |  4.7
Polearms       | |  4.7
Armour         | |  2.9
Dodging        | |  4.7
Charms         | |  5.5

Action                   |  1- 3 |  4- 6 || total
-------------------------+-------+-------++-------
Melee: Spear             |   177 |    70 ||   247
       Bite              |    16 |    11 ||    27
       Mace              |       |    69 ||    69
 Cast: Regeneration      |     2 |       ||     2
       Shroud of Golubri |     1 |       ||     1
       Spectral Weapon   |       |     1 ||     1
 Stab: Sleeping          |     5 |     3 ||     8
       Distracted        |     1 |       ||     1
  Eat: Chunk             |     2 |     5 ||     7
Armor: Leather armour    |    31 |     1 ||    32
       Ring mail         |       |    25 ||    25
Dodge: Dodged            |   132 |    63 ||   195
Block: Shield            |       |    40 ||    40

Table legend:
 A = Non-vault XP
 B = Vault XP
 C = Vault XP percentage of total XP
 D = Non-vault monster count
 E = Vault monster count
 F = Vault count percentage of total count
                 A         B        C        D         E       F
            +---------+---------+-------+---------+---------+-------
      Total |     188 |      38 |  16.8 |      71 |       2 |   2.7
            +---------+---------+-------+---------+---------+-------
        D:1 |      35 |       0 |   0.0 |      20 |       0 |   0.0
        D:2 |     107 |       2 |   1.8 |      34 |       1 |   2.9
        D:3 |      46 |      36 |  43.9 |      17 |       1 |   5.6
            +---------+---------+-------+---------+---------+-------
